 Dungeon Sprint DCSS version 0.28.0-49-g6dfe1f597d (webtiles) character file.

Game seed: 9443307749280099358

26380 Revguard the End of an Era (level 12, 0/106 HPs)
             Began as a Demonspawn Fighter on May 19, 2022.
             Was the Champion of Qazlal.
             Slain by a pearl dragon (11 damage)
             ... in the Dungeon (Sprint V: "Ziggurat Sprint").
             The game lasted 00:15:37 (1438 turns).

Revguard the End of an Era (Demonspawn Fighter)     Turns: 1438, Time: 00:15:38

Health: 0/106      AC: 35    Str: 19    XL:     12   Next: 97%
Magic:  0/33       EV:  8    Int: 11    God:    Qazlal [******]
Gold:   0          SH: 40    Dex: 24    Spells: 11/11 levels left

rFire   . . .      SeeInvis .   E - +7 Screaming Sword {vorpal, sonic wave}
rCold   + . .      Faith    .   D - +18 shield of the Gong {rElec rN+ Will+ EV-5}
rNeg    + . .      Spirit   +   C - +15 Maxwell's patent armour {-Cast -Tele rElec Will+ rCorr}
rPois   .          Reflect  .   P - +0 helmet "Ryssus" {MP+9 Slay+3}
rElec   +          Harm     .   (no cloak)
rCorr   +          Rampage  .   (no gloves)
Will    +++..      NoTele   +   (no boots)
Stlth   .......... NoCast   +   H - amulet of magic regeneration
HPRegen 0.27/turn               L - ring of Moogep {rC+ Will+}
MPRegen 0.86/turn               t - +6 ring of dexterity

@: protected from physical damage, glowing, studying Maces & Flails, repel
missiles
A: hooves 1, thin skeletal structure 2, magic shield, magic regeneration, magic
link, demonic magic 1
a: Renounce Religion, Upheaval, Elemental Force, Disaster Area


You were in the Dungeon.
You worshipped Qazlal.
Qazlal was exalted by your worship.
You visited 1 branch

Inventory:

Hand Weapons
 a - a +0 long sword
 E - the +7 Screaming Sword (weapon) {vorpal, sonic wave}
   (You found it in the Dungeon)

   It inflicts extra damage upon your enemies.
   It radiates damaging sonic waves as it strikes, especially in combat
   involving dangerous or numerous foes.
Armour
 b - a +0 scale mail
 c - a +0 buckler
 C - the +15 Maxwell's patent armour (worn) {-Cast -Tele rElec Will+ rCorr}
   (You found it in the Dungeon)

   rElec:     It insulates you from electricity.
   -Cast:     It prevents spellcasting.
   -Tele:     It prevents most forms of teleportation.
   rCorr:     It protects you from acid and corrosion.
   Will:      It increases your willpower.
 D - the +18 shield of the Gong (worn) {rElec rN+ Will+ EV-5}
   (You found it in the Dungeon)

   It is deafeningly noisy when blocking attacks.
   EV:        It affects your evasion (-5).
   rElec:     It insulates you from electricity.
   rN:        It protects you from negative energy.
   Will:      It increases your willpower.
 P - the +0 helmet "Ryssus" (worn) {MP+9 Slay+3}
   (You found it in the Dungeon)

   Slay:      It affects your accuracy & damage with ranged weapons and melee
   (+3).
   MP:        It affects your magic capacity (+9).
Jewellery
 s - a ring of flight
 t - a +6 ring of dexterity (right hand)
 u - a +6 ring of dexterity
 v - a +6 ring of intelligence
 w - a +6 ring of intelligence
 x - a +6 ring of strength
 y - a +6 ring of strength
 F - a +4 ring of protection
 G - a ring of resist corrosion
 H - an amulet of magic regeneration (around neck)
 I - a ring of willpower
 L - the ring of Moogep (left hand) {rC+ Will+}
   (You found it in the Dungeon)

   [ring of willpower]

   rC:        It protects you from cold.
   Will:      It increases your willpower.
 Q - an amulet of the acrobat
 R - a ring of ice
Wands
 z - a wand of mindburst (7)
 A - a wand of iceblast (7)
 B - a wand of acid (7)
Scrolls
 j - 4 scrolls of blinking
 o - 4 scrolls of amnesia
 p - 7 scrolls of fog
 q - 5 scrolls of identify
 r - 2 scrolls of fear
 J - 4 scrolls of enchant armour
 M - 3 scrolls of brand weapon
Potions
 d - 7 potions of might
 e - 10 potions of curing
 f - 4 potions of heal wounds
 g - 6 potions of haste
 h - 6 potions of magic
 i - 3 potions of berserk rage
 k - 2 potions of brilliance
 l - 2 potions of invisibility
 m - 3 potions of resistance
Miscellaneous
 n - a tin of tremorstones (2/2)
 K - a condenser vane
 N - a box of beasts (inert)
 O - a phial of floods


   Skills:
 + Level 13.7 Fighting
 + Level 12.5 Long Blades
 + Level 12.8 Armour
 + Level 12.3 Dodging
 + Level 12.7 Shields
 + Level 17.1 Invocations
 + Level 13.3 Evocations


You had 11 spell levels left.
You didn't know any spells.
Your spell library contained the following spells:

 Spells                   Type           Power      Damage    Failure   Level
 Beastly Appendage        Tmut           0%         N/A       100%        1
 Shock                    Conj/Air       0%         1d3       100%        1
 Slow                     Hex            0%         N/A       100%        1
 Wereblood                Tmut           0%         N/A       100%        2
 Dazzling Flash           Conj/Hex       0%         N/A       100%        3
 Inner Flame              Hex/Fire       0%         N/A       100%        3
 Portal Projectile        Hex/Tloc       0%         N/A       100%        3
 Spider Form              Tmut/Pois      0%         N/A       100%        3
 Tukima's Dance           Hex            0%         N/A       100%        3
 Vampiric Draining        Necr           0%         2d6       100%        3
 Anguish                  Hex/Necr       0%         N/A       100%        4
 Cause Fear               Hex            0%         N/A       100%        4
 Leda's Liquefaction      Hex/Erth       0%         N/A       100%        4
 Agony                    Necr           0%         N/A       100%        5
 Blade Hands              Tmut           0%         N/A       100%        5
 Borgnjor's Vile Clutch   Necr/Erth      0%         N/A       100%        5
 Excruciating Wounds      Necr           0%         N/A       100%        5
 Lee's Rapid Deconstruct  Erth           0%         3d5*      100%        5
 Silence                  Hex/Air        0%         N/A       100%        5
 Statue Form              Tmut/Erth      0%         N/A       100%        6
 Enfeeble                 Hex            0%         N/A       100%        7
 Fire Storm               Conj/Fire      0%         5d1       100%        9


Dungeon Overview and Level Annotations

Branches:
Dungeon (1/1)

Altars:
Ashenzari
Cheibriados
Dithmenos
Elyvilon
Fedhas
Gozag
Hepliaklqana
Kikubaaqudgha
Makhleb
Nemelex Xobeh
Okawaru
Qazlal
Ru
Sif Muna
Trog
Uskayaw
Vehumet
Wu Jian
Xom
Yredelemnul
Zin
The Shining One
Beogh
Jiyva
Lugonu

Annotations:
D 1 transporter


Innate Abilities, Weirdness & Mutations

You have large cloven feet.
You have a moderately thin skeletal structure. (Dex +4, Stealth++)
When hurt, damage is shared between your health and your magic reserves.
You regenerate magic rapidly.
When low on magic, you restore magic in place of health.
Spells you cast may paralyse adjacent enemies.


Message History

The angel hits you but does no damage. x2
The daeva blocks your attack.
You kick the daeva!
The daeva is almost dead.
The pearl dragon is engulfed in freezing vapours.
The pearl dragon breathes cleansing flame at you.
The blast of cleansing flame engulfs you!
You writhe in agony!
You block the apis's attack.
GONNNNG!
The daeva calls down the wrath of the Shining One upon you.
The Shining One smites you!
The angel is engulfed in blazing flames.
You block the angel's attack.
GONNNNG!
You block the angel's attack.
GONNNNG!
The pearl dragon is engulfed in freezing vapours.
The pearl dragon bites you but does no damage.
You block the pearl dragon's attack.
SHROANNG!
The daeva blocks your attack.
Your kick misses the daeva.
The daeva is almost dead.
The angel is engulfed in blazing flames.
You block the angel's attack.
SHROANNG!
You block the angel's attack.
PANG!
You block the apis's attack.
GONNNNG!
You block the daeva's attack.
BOUMMMMG!
The daeva hits you with a +2 eudemon blade of holy wrath!
* * * LOW HITPOINT WARNING * * *
You feel more protected from physical attacks.
You convulse!
* * * LOW HITPOINT WARNING * * *
The pearl dragon is engulfed in blazing flames.
The pearl dragon barely misses you. The pearl dragon claws you!
* * * LOW HITPOINT WARNING * * *
The pearl dragon sears you!
You die...

▓....)...▓
▓....8©8....▓...))...▓
▓..[[[||})..▓.▓....▓.▓
▓...|:[}):..▓...©....▓
▓..§........▓▓▓▓▓▓▓▓▓▓
▓..§...§....▓...8©8...
▓..§..§§....▓..)|.[...
▓..☼ADY§....▓...|...).
▓§@A§.▓ ▓....)....
▓▓§§.▓▓ ▓.........
▓..▓.§§○°▓..▓...))....
▓.....©.....▓.....)...
▓▓▓▓▓▓▓▓▓▓▓▓▓.▓..).)▓.
▓....8©8....▓....©....
▓..}....)...▓▓▓▓▓▓▓▓▓▓
▓...:.......▓...8©8...
▓...........▓..))|.=..


You could see an apis, a daeva (corroded), a pearl dragon and an angel.

Vanquished Creatures
  An acid blob (D)
  3 storm dragons (D)
  An azure jelly (D)
  A rockslime (D)
  A deep elf sorcerer (D)
  An ophan (D)
  A deep elf annihilator (D)
  7 spriggan air magi (D)
  3 dancing weapons (D)
  A harpy (shapeshifter) (D)
  3 deep elf pyromancers (D)
  3 deep elf zephyrmancers (D)
  7 ugly things (D)
  2 shining eyes (D)
  2 toenail golems (D)
  A black mamba (shapeshifter) (D)
  2 wind drakes (D)
  7 slime creatures (D)
  A jumping spider (D)
  2 air elementals (D)
  Sigmund (D)
  A basilisk (D)
  A human (shapeshifter) (D)
  2 yaks (D)
  3 neqoxecs (D)
  Edmund (D)
  A water moccasin (D)
  Duvessa (D)
  A wolf (D)
  Blork the orc (D)
  6 earth elementals (D)
  4 scorpions (D)
  Dowan (D)
  Crazy Yiuf (D)
  A jelly (D)
  Jessica (D)
  An iguana (D)
  2 river rats (D)
  A worm (shapeshifter) (D)
  4 endoplasms (D)
  A jackal (D)
86 creatures vanquished.

Notes
Turn   | Place    | Note
-------+----------+-------------------------------------------
     0 | D        | Revguard the Demonspawn Fighter began the quest for the
                  | Orb.
     0 | D        | Reached XP level 1. HP: 18/18 MP: 1/1
     0 | D        | Found a shimmering blue altar of Sif Muna.
     0 | D        | Found a bloodstained altar of Trog.
     0 | D        | Found a sacrificial altar of Ru.
     0 | D        | Found a stormy altar of Qazlal.
     0 | D        | Found an iron altar of Okawaru.
     1 | D        | Found a sparkling altar of Nemelex Xobeh.
     1 | D        | Found a blossoming altar of Fedhas.
     1 | D        | Found the +6 Majin-Bo {vamp, MP+6 Int+6}
     1 | D        | Found the +9 heavy crossbow "Sniper" {vorpal, Acc+∞ SInv}
     1 | D        | Found the +10 dark maul {vorpal}
     1 | D        | Found the +15 Maxwell's patent armour {-Cast -Tele rElec
                  | Will+ rCorr}
     1 | D        | Found the +18 shield of the Gong {rElec rN+ Will+ EV-5}
     1 | D        | Found the +14 obsidian axe {vorpal, Mesm Drain Fly SInv}
     1 | D        | Found the +7 great mace "Firestarter" {inner flame, rF++}
     1 | D        | Found the +6 shillelagh "Devastator" {shatter}
     1 | D        | Found the +11 plutonium sword {Contam Stlth-}
     1 | D        | Found the +8 lance "Wyrmbane" {slay drac, rPois rF+ rC+
                  | AC+3}
     1 | D        | Found the +9 sword of Zonguldrok {reap}
     1 | D        | Found the +13 scythe of Curses {drain, Drain}
     1 | D        | Found the +5 sword of Power {vorpal}
     1 | D        | Found the +7 mace of Variability {chain chaos}
     1 | D        | Found the +7 Singing Sword {vorpal, sonic wave}
     1 | D        | Found the +8 storm bow {elec, penet}
     2 | D        | Banished a spatial maelstrom
     3 | D        | Found a transporter.
     3 | D        | Found an ancient bone altar of Kikubaaqudgha.
     3 | D        | Found a viscous altar of Jiyva.
     3 | D        | Found a corrupted altar of Lugonu.
     3 | D        | Found a hazy altar of Hepliaklqana.
     3 | D        | Found a burning altar of Makhleb.
     3 | D        | Found an opulent altar of Gozag.
     7 | D        | Banished a spatial maelstrom
    32 | D        | Became a worshipper of Qazlal Stormbringer
    56 | D        | Reached skill level 3 in Invocations
    56 | D        | Gained mutation: You regenerate magic rapidly. [demonic
                  | ancestry]
    56 | D        | Reached XP level 2. HP: 25/25 MP: 1/4
    69 | D        | Entered arena 2.
    69 | D        | Noticed a human
    69 | D        | Noticed a brown ugly thing
    69 | D        | Found a transporter.
    77 | D        | Killed a brown ugly thing
    78 | D        | Reached skill level 5 in Long Blades
    78 | D        | Reached skill level 5 in Armour
    78 | D        | Reached skill level 5 in Shields
    78 | D        | Reached skill level 6 in Invocations
    78 | D        | Reached skill level 5 in Evocations
    78 | D        | Reached XP level 3. HP: 15/34 MP: 4/7
    78 | D        | Gained mutation: You have a somewhat thin skeletal
                  | structure. (Dex +2, Stealth+) [demonic ancestry]
    78 | D        | Reached XP level 4. HP: 18/40 MP: 5/9
    78 | D        | Reached XP level 5. HP: 20/46 MP: 5/10
    78 | D        | Reached XP level 6. HP: 23/52 MP: 5/11
    80 | D        | Killed a human
    81 | D        | Reached skill level 5 in Dodging
    81 | D        | Reached skill level 7 in Invocations
    81 | D        | Gained mutation: Spells you cast may paralyse adjacent
                  | enemies. [demonic ancestry]
    81 | D        | Reached XP level 7. HP: 27/59 MP: 6/12
    90 | D        | Entered arena 3.
    90 | D        | Noticed a yak
    90 | D        | Found a transporter.
    93 | D        | Reached * piety under Qazlal
    97 | D        | Killed a yak
   248 | D        | Entered arena 4.
   248 | D        | Noticed a white ugly thing
   248 | D        | Noticed a white ugly thing
   248 | D        | Noticed a brown ugly thing
   248 | D        | Found a transporter.
   250 | D        | Reached ** piety under Qazlal
   254 | D        | Killed a white ugly thing
   255 | D        | Reached skill level 8 in Invocations
   255 | D        | Gained mutation: When hurt, damage is shared between your
                  | health and your magic reserves. [demonic ancestry]
   255 | D        | Reached XP level 8. HP: 44/67 MP: 12/14
   255 | D        | Killed a white ugly thing
   256 | D        | Reached skill level 9 in Invocations
   258 | D        | Killed a white ugly thing
   270 | D        | Entered arena 5.
   270 | D        | Noticed a +2 vorpal hand axe
   270 | D        | Noticed a deep elf zephyrmancer
   270 | D        | Noticed a deep elf pyromancer
   270 | D        | Found a transporter.
   272 | D        | Killed a deep elf zephyrmancer
   272 | D        | Reached *** piety under Qazlal
   273 | D        | Reached skill level 10 in Invocations
   273 | D        | Gained mutation: You have large cloven feet. [demonic
                  | ancestry]
   273 | D        | Reached XP level 9. HP: 54/75 MP: 16/16
   274 | D        | Killed a +2 vorpal hand axe
   274 | D        | Killed a deep elf pyromancer
   275 | D        | Reached skill level 11 in Invocations
   369 | D        | Entered arena 6.
   369 | D        | Found a transporter.
   372 | D        | Reached **** piety under Qazlal
   376 | D        | Reached ***** piety under Qazlal
   441 | D        | Entered arena 7.
   441 | D        | Noticed a toenail golem
   441 | D        | Noticed a toenail golem
   442 | D        | Found a transporter.
   445 | D        | Killed a toenail golem
   446 | D        | Gained mutation: You have a moderately thin skeletal
                  | structure. (Dex +4, Stealth++) [demonic ancestry]
   446 | D        | Reached XP level 10. HP: 83/83 MP: 18/18
   447 | D        | Killed a toenail golem
   448 | D        | Reached skill level 12 in Invocations
   471 | D        | Entered arena 8.
   472 | D        | Found a transporter.
   479 | D        | Reached ****** piety under Qazlal
   480 | D        | Reached skill level 10 in Fighting
   487 | D        | Got Destroigi's Catalogue of Gliding Necromancy
   491 | D        | Entered arena 9.
   491 | D        | Noticed Sigmund
   491 | D        | Noticed Jessica
   491 | D        | Noticed Blork the orc
   491 | D        | Noticed Crazy Yiuf
   491 | D        | Noticed Dowan
   491 | D        | Noticed Duvessa
   491 | D        | Noticed Edmund
   492 | D        | Found a transporter.
   494 | D        | Killed Jessica
   494 | D        | Killed Duvessa
   497 | D        | Killed Edmund
   498 | D        | Killed Blork the orc
   498 | D        | Killed Dowan
   498 | D        | Killed Crazy Yiuf
   500 | D        | Killed Sigmund
   507 | D        | Got the ring of Moogep {rC+ Will+}
   519 | D        | Entered arena 10.
   520 | D        | Found a transporter.
   536 | D        | Got Nurcher's Guide on Heat and Enchantment
   543 | D        | Entered arena 11.
   543 | D        | Noticed a brown ugly thing
   543 | D        | Noticed a black mamba
   543 | D        | Noticed a shining eye
   543 | D        | Noticed a purple ugly thing
   543 | D        | Noticed a green ugly thing
   544 | D        | Found a transporter.
   544 | D        | Noticed a harpy
   544 | D        | a rime drake changed into a harpy
   547 | D        | Killed a black mamba
   547 | D        | Killed a harpy
   547 | D        | Killed a shining eye
   547 | D        | Killed a brown ugly thing
   548 | D        | Reached skill level 10 in Armour
   548 | D        | Reached skill level 10 in Shields
   548 | D        | Reached skill level 13 in Invocations
   548 | D        | Reached skill level 10 in Evocations
   548 | D        | Gained mutation: When low on magic, you restore magic in
                  | place of health. [demonic ancestry]
   548 | D        | Reached XP level 11. HP: 90/92 MP: 19/21
   548 | D        | Killed a purple ugly thing
   552 | D        | Killed a green ugly thing
   571 | D        | Entered arena 12.
   571 | D        | Noticed a rockslime
   571 | D        | Noticed a shining eye
   571 | D        | Noticed an acid blob
   572 | D        | Noticed an azure jelly
   573 | D        | Found a transporter.
   577 | D        | Killed a shining eye
   578 | D        | Reached skill level 10 in Long Blades
   579 | D        | Killed a rockslime
   580 | D        | Reached skill level 10 in Dodging
   580 | D        | Reached skill level 14 in Invocations
   580 | D        | Killed an azure jelly
   581 | D        | Killed an acid blob
   803 | D        | Entered arena 13.
   803 | D        | Noticed a deep elf pyromancer
   803 | D        | Noticed a deep elf pyromancer
   803 | D        | Noticed a +1 hand axe of electrocution
   803 | D        | Noticed a deep elf annihilator
   803 | D        | Noticed a deep elf zephyrmancer
   803 | D        | Noticed a +0 vampiric halberd
   804 | D        | Noticed a deep elf sorcerer
   804 | D        | Noticed a deep elf zephyrmancer
   804 | D        | Paralysed by an air elemental for 1 turns
   805 | D        | Found a transporter.
   806 | D        | Paralysed by an air elemental for 1 turns
   807 | D        | Killed a deep elf pyromancer
   807 | D        | Killed a +1 hand axe of electrocution
   807 | D        | Killed a deep elf zephyrmancer
   807 | D        | Killed a deep elf sorcerer
   807 | D        | Killed a deep elf annihilator
   808 | D        | Reached skill level 15 in Invocations
   808 | D        | Reached XP level 12. HP: 77/103 MP: 18/23
   979 | D        | Entered arena 14.
   979 | D        | Noticed a storm dragon
   979 | D        | Noticed a spriggan air mage
   979 | D        | Noticed a storm dragon
   979 | D        | Noticed a spriggan air mage
   980 | D        | Noticed a spriggan air mage
   980 | D        | Noticed a spriggan air mage
   980 | D        | Noticed a spriggan air mage
   980 | D        | Noticed a spriggan air mage
   980 | D        | Noticed a storm dragon
   981 | D        | Noticed a spriggan air mage
   983 | D        | Found the +8 longbow "Zephyr" {speed, Dex+3 SInv}
   987 | D        | Killed a spriggan air mage
   987 | D        | Killed a spriggan air mage
   987 | D        | Killed a spriggan air mage
   987 | D        | Killed a spriggan air mage
   987 | D        | Killed a spriggan air mage
   987 | D        | HP: 5/103 [storm dragon/bolt of lightning (6)]
   988 | D        | Reached skill level 16 in Invocations
   988 | D        | Killed a spriggan air mage
   994 | D        | Killed a storm dragon
   994 | D        | Killed a spriggan air mage
   994 | D        | Killed a storm dragon
   996 | D        | Killed a storm dragon
   997 | D        | Reached skill level 17 in Invocations
  1034 | D        | Found a transporter.
  1042 | D        | Got the +0 helmet "Ryssus" {MP+9 Slay+3}
  1424 | D        | Entered arena 15.
  1424 | D        | Noticed a daeva
  1424 | D        | Noticed an ophan
  1424 | D        | Noticed an angel
  1425 | D        | Noticed an apis
  1425 | D        | Noticed a pearl dragon
  1427 | D        | Found a transporter.
  1433 | D        | Killed an ophan
  1438 | D        | Slain by a pearl dragon

Illustrated notes

Levels and vault maps discovered:
D:        sprint_v [room_start, room_1, room_2, room_3, room_4, room_5, room_6,
          room_7, room_8, room_9, room_10, room_11, room_12, room_13, room_14,
          room_15, room_16, room_17, room_18, room_19, room_20, room_21,
          room_22, room_23, room_24, room_25, room_26, room_27]

Skill      XL: |  1  2  3  4  5  6  7  8  9 10 11 12 |
---------------+-------------------------------------+-----
Fighting       | 4 6 7 8 9 10 12 13 | 13.7
Long Blades    | 3 5 6 7 8 9 11 12 | 12.5
Armour         | 3 5 6 8 10 11 12 | 12.8
Dodging        | 2 4 5 6 7 8 9 11 12 | 12.3
Shields        | 3 5 6 7 8 10 11 12 | 12.7
Invocations    | 3 6 7 8 10 11 13 15 17 | 17.1
Evocations     | 2 5 6 7 9 10 12 13 | 13.3

Action                   |  1- 3 |  4- 6 |  7- 9 | 10-12 || total
-------------------------+-------+-------+-------+-------++-------
Melee: Double sword      |     7 |     3 |    23 |    59 ||    92
       Kick              |       |       |     1 |    16 ||    17
Invok: Disaster Area     |       |       |       |     2 ||     2
       Elemental Force   |       |       |       |     1 ||     1
Evoke: Tin of tremorston |       |       |     2 |     4 ||     6
       Condenser vane    |       |       |       |     4 ||     4
       Box of beasts     |       |       |       |     1 ||     1
  Use: Potion            |     1 |       |       |     8 ||     9
Armor: Plate armour      |     5 |       |    15 |    45 ||    65
Dodge: Dodged            |       |       |     3 |    17 ||    20
       Repelled          |       |       |       |     1 ||     1
Block: Kite shield       |    15 |     3 |    47 |   143 ||   208
